 Dungeon Crawl Stone Soup version 0.28.0-53-g5a82cb258f (webtiles) character file.

Game seed: 4129949614349380836

12727 Sin92 the Basher (level 11, -5/89 HPs)
             Began as a Demonspawn Fighter on June 23, 2022.
             Was a High Priest of Okawaru.
             Killed from afar by a hell hog (16 damage)
             ... with a fireball
             ... in a Gauntlet.
             The game lasted 00:27:00 (13627 turns).

Sin92 the Basher (Demonspawn Fighter)              Turns: 13627, Time: 00:27:01

Health: -5/89      AC: 23    Str: 20    XL:     11   Next: 66%
Magic:  0/11       EV: 10    Int: 11    God:    Okawaru [*****.]
Gold:   482        SH:  0    Dex: 12    Spells: 10/10 levels left

rFire   . . .      SeeInvis .   h - +7 great mace "Undeadhunter" {disrupt, rN+}
rCold   . . .      Faith    .   (shield currently unavailable)
rNeg    + . .      Spirit   +   y - +4 chain mail {rPois}
rPois   +          Reflect  .   (no helmet)
rElec   .          Harm     .   r - +0 cloak
rCorr   .          Rampage  .   (no gloves)
Will    .....      NoTele   +   m - +0 pair of boots
Stlth   ..........              (no amulet)
HPRegen 0.24/turn               e - +4 ring of slaying
MPRegen 0.24/turn               A - +4 ring of protection

@: confused, ambrosia-drunk, hasted, invisible, very quick
A: ignite blood 2, magic shield, magic regeneration, sharp scales 2, demonic
touch 1
a: Renounce Religion, Heroism, Finesse, Duel


You were in a Gauntlet.
You worshipped Okawaru.
Okawaru was extremely pleased with you.
You visited 2 branches of the dungeon, and saw 13 of its levels.
You also visited: Gauntlet.

You collected 557 gold pieces.
You spent 75 gold pieces at shops.

Inventory:

Hand Weapons
 a - a +1 flail
 h - the +7 great mace "Undeadhunter" (weapon) {disrupt, rN+}
   (You found it on level 6 of the Dungeon)

   It inflicts significantly more damage against the undead.
   rN:        It protects you from negative energy.
 B - a +5 flail
Missiles
 g - 3 throwing nets (quivered)
Armour
 c - a +0 buckler
 l - +1 swamp dragon scales
 m - a +0 pair of boots (worn)
 r - a +0 cloak (worn)
 u - +1 steam dragon scales
 x - the +0 helmet "Nigg" {rF+ rCorr}
   (You found it in a Gauntlet)

   rF:        It protects you from fire.
   rCorr:     It protects you from acid and corrosion.
 y - a +4 chain mail of poison resistance (worn)
Jewellery
 e - a +4 ring of slaying (left hand)
 v - a ring of fire
 A - a +4 ring of protection (right hand)
Wands
 d - a wand of flame (25)
 j - a wand of paralysis (7)
 p - a wand of iceblast (11)
 s - a wand of polymorph (15)
Scrolls
 b - 4 scrolls of identify
 n - 6 scrolls of fog
 E - a scroll of fear
Potions
 f - a potion of cancellation
 i - 3 potions of curing
 k - 3 potions of brilliance
 o - a potion of invisibility
 q - 3 potions of lignification
 t - 2 potions of attraction
 w - a potion of flight
 z - a potion of ambrosia
 C - a potion of mutation {unknown}


   Skills:
 + Level 9.6 Fighting
 * Level 9.6 Maces & Flails
 + Level 7.8 Armour
 + Level 5.9 Dodging
 + Level 7.8 Shields


You had 10 spell levels left.
You didn't know any spells.
Your spell library contained the following spells:

 Spells                   Type           Power      Damage    Failure   Level
 Apportation              Tloc           0%         N/A       96%         1
 Pain                     Necr           0%         1d4       96%         1
 Shock                    Conj/Air       0%         1d3       96%         1
 Dazzling Flash           Conj/Hex       0%         N/A       100%        3
 Gell's Gravitas          Tloc           0%         N/A       100%        3
 Lesser Beckoning         Tloc           0%         N/A       100%        3
 Portal Projectile        Hex/Tloc       0%         N/A       100%        3
 Swiftness                Air            0%         N/A       100%        3
 Teleport Other           Tloc           0%         N/A       100%        3
 Vampiric Draining        Necr           0%         2d6       100%        3
 Airstrike                Air            0%         N/A       100%        4
 Iskenderun's Mystic Bla  Conj/Tloc      0%         2d3       100%        4
 Leda's Liquefaction      Hex/Erth       0%         N/A       100%        4
 Olgreb's Toxic Radiance  Pois           0%         N/A       100%        4
 Agony                    Necr           0%         N/A       100%        5
 Excruciating Wounds      Necr           0%         N/A       100%        5
 Lee's Rapid Deconstruct  Erth           0%         3d5*      100%        5
 Starburst                Conj/Fire      0%         6d3       100%        6
 Statue Form              Tmut/Erth      0%         N/A       100%        6
 Ozocubu's Refrigeration  Ice            0%         4d5       100%        7
 Ignition                 Fire           0%         3d3       100%        8
 Animate Skeleton         Necr           Unusable   N/A       N/A         1
 Summon Small Mammal      Summ           Unusable   N/A       N/A         1
 Call Canine Familiar     Summ           Unusable   N/A       N/A         3

Dungeon Overview and Level Annotations

Branches:
Dungeon (12/15)            Temple (1/1) D:7            Lair (0/6) D:8
    Orc (0/2) D:11        Gauntlet (1/1)

Altars:
Ashenzari
Elyvilon
Fedhas
Gozag
Hepliaklqana
Nemelex Xobeh
Okawaru
Qazlal
Sif Muna
Trog
Vehumet
Wu Jian
Xom
Yredelemnul
Zin
The Shining One

Shops:
D:5 *

Annotations:
D:6 3 runed translucent doors, Sin92's ghost, novice DsFi
D:9 1 runed translucent door, PhantomBowie's ghost, novice DsBe Gauntlet 9 transporters


Innate Abilities, Weirdness & Mutations

Your demonic aura often causes spilled blood to erupt in flames.
When hurt, damage is shared between your health and your magic reserves.
You regenerate magic rapidly.
You are mostly covered in razor-sharp scales. (AC +2, Slay +2)
Your touch may inflict minor irresistible damage on your foes.


Message History

The blast of flame hits the hell hound.
The hell hound completely resists.
The hell hound breathes flames at you.
The blast of flame hits the fire bat.
The fire bat completely resists.
The blast of flame misses you.
The blast of flame hits the hell hound.
The hell hound completely resists.
The blast of flame hits the hell hound.
The hell hound completely resists.
You bump into the translucent stone wall.
The fire bat bites you but does no damage.
The fire bat barely misses you. The fire bat bites you.
You are engulfed in flames!
* * * LOW HITPOINT WARNING * * *
The hell hog breathes fire at you.
The fireball explodes!
The fireball engulfs you.
* * * LOW HITPOINT WARNING * * *
The fireball engulfs the hell hog.
The hell hog completely resists.
The fireball engulfs the fire bat.
The fire bat completely resists.
The fireball engulfs the hell hound.
The hell hound completely resists.
The fireball engulfs the fire bat.
The fire bat completely resists.
The fireball engulfs the fire bat.
The fire bat completely resists.
The fire bat barely misses you.
The hell hound bites you but does no damage.
The fire bat closely misses you.
Unknown command.
You miss the hell hound.
The hell hound is almost dead.
The hell hog squeals angrily.
The fire bat bites you but does no damage.
The fire bat closely misses you.
The fire bat bites you but does no damage.
The fire bat closely misses you. The hell hog barely misses you.
The fire bat bites you but does no damage.
The hell hound bites you but does no damage.
You miss the hell hound.
The fire bat bites you but does no damage.
The fire bat closely misses you.
The hell hog breathes fire at the hell hound.
The fireball explodes!
The fireball engulfs the hell hound.
The hell hound completely resists.
The fireball engulfs the fire bat.
The fire bat completely resists.
The fireball engulfs you!!
You die...

#...©.©.©...# ###########
#..8.8.8..# #########
#§#≈#≈#≈#§####.......####§#≈#≈#≈#
...........#≈#########≈#.........
....8.........................8..
...........8.....8.....8.........
##########...............########
..([©.)..#...#########...##^#:©[.
..#...#..#...#bh@hh$.#...###[#..#
.#######.#...#.hbb...#...##..####
#..#.#..##...#.#####.#...#..###^.
....©....#.8.#...©...#.8.#.##^###
#..#.#..##...#.#####.#...#....#.E
.##...##J#...#.....h.#...#E°##.^#
..#...#..#...#.......#...#h##.#..
J..#.#...#...#########...##..##.#
##########.....#.©.#.....########


You could see a hell hog (catching breath), 3 hell hounds and 3 fire bats.

Vanquished Creatures
  Harold (D:8)
  A two-headed ogre (D:9)
  Erica (D:9)
  Urug (D:10)
  Sonja (D:11)
  Maurice (D:8)
  Joseph (D:7)
  A centaur zombie (D:11)
  Maggie (D:7)
  A gargoyle (D:11)
  Prince Ribbit (D:9)
  4 trolls
  A hornet (D:9)
  A meliai zombie (D:9)
  A wraith (D:10)
  6 yaks (D:11)
  A wyvern (D:9)
  Grum (D:8)
  4 steam dragons
  Menkaure (D:4)
  Duvessa (D:4)
  9 orc warriors
  4 black bears
  2 necrophages
  5 ogres
  3 wolves (D:8)
  4 centaurs
  4 kobold brigands
  4 bullfrogs
  3 scorpions
  2 gnoll sergeants (D:11)
  2 water moccasin zombies
  Dowan (D:4)
  A killer bee (D:10)
  4 wights (D:10)
  7 howler monkeys
  4 hounds
  An orc priest (D:8)
  A jelly (D:6)
  A bullfrog skeleton (D:7)
  A centaur skeleton (D:4)
  Natasha (thrice) (D:3)
  2 gnoll shamans
  3 iguanas
  8 orc wizards
  A killer bee zombie (D:9)
  A howler monkey zombie (D:7)
  A howler monkey skeleton (D:7)
  11 gnolls
  10 adders
  2 white imps
  An ufetubus (D:4)
  2 adder skeletons (D:4)
  3 worms (D:2)
  3 dart slugs (D:1)
  31 orcs
  7 ball pythons
  7 bats
  8 endoplasms
  2 giant cockroaches
  4 goblins
  7 hobgoblins
  3 quokkas
  4 frilled lizards
  14 kobolds
  5 rats
238 creatures vanquished.

Vanquished Creatures (others)
  3 demonic plants (Gauntlet)
  14 fungi
  24 plants
41 creatures vanquished.

Grand Total: 279 creatures vanquished

Notes
Turn   | Place    | Note
-------+----------+-------------------------------------------
     0 | D:1      | Sin92 the Demonspawn Fighter began the quest for the Orb.
     0 | D:1      | Reached XP level 1. HP: 18/18 MP: 1/1
   272 | D:1      | Gained mutation: Your demonic aura sometimes causes spilled
                  | blood to erupt in flames. [demonic ancestry]
   272 | D:1      | Reached XP level 2. HP: 23/24 MP: 2/2
   641 | D:1      | Reached XP level 3. HP: 27/29 MP: 3/3
   991 | D:2      | Found a faded altar of an unknown god.
  1261 | D:2      | Gained mutation: You regenerate magic rapidly. [demonic
                  | ancestry]
  1261 | D:2      | Reached XP level 4. HP: 27/37 MP: 4/4
  2333 | D:3      | Noticed Natasha
  2337 | D:3      | Killed Natasha
  2338 | D:3      | Reached XP level 5. HP: 28/43 MP: 5/5
  2647 | D:3      | Noticed Natasha
  2656 | D:3      | Killed Natasha
  3118 | D:3      | Noticed Natasha
  3130 | D:3      | Killed Natasha
  3465 | D:4      | Noticed Menkaure
  3474 | D:4      | Killed Menkaure
  3475 | D:4      | Reached skill level 5 in Fighting
  3475 | D:4      | Gained mutation: You are partially covered in razor-sharp
                  | scales. (AC +1, Slay +1) [demonic ancestry]
  3475 | D:4      | Reached XP level 6. HP: 9/51 MP: 6/6
  3834 | D:4      | Found a shimmering blue altar of Sif Muna.
  3945 | D:4      | Identified the +2 leather armour of the Vacuum {rN+ Regen+}
  3945 | D:4      | Noticed Duvessa
  3945 | D:4      | Noticed Dowan
  3960 | D:4      | Killed Duvessa
  3964 | D:4      | Killed Dowan
  3965 | D:4      | Gained mutation: Your demonic aura often causes spilled
                  | blood to erupt in flames. [demonic ancestry]
  3965 | D:4      | Reached XP level 7. HP: 27/56 MP: 7/7
  4641 | D:5      | Entered Level 5 of the Dungeon
  5083 | D:5      | Gained mutation: You are mostly covered in razor-sharp
                  | scales. (AC +2, Slay +2) [demonic ancestry]
  5083 | D:5      | Reached XP level 8. HP: 56/65 MP: 8/8
  5326 | D:5      | Found Nifuv Pas's Assorted Antiques.
  5334 | D:5      | Bought a small golden ring for 75 gold pieces
  5796 | D:6      | HP: 2/65 [orc wizard/+0 dagger (2)]
  6071 | D:6      | Found the +7 great mace "Undeadhunter" {disrupt, rN+}
  6084 | D:6      | Reached skill level 5 in Armour
  6084 | D:6      | Reached skill level 5 in Shields
  6153 | D:6      | Reached skill level 1 in Dodging
  6412 | D:6      | Found a runed translucent gate.
  6413 | D:6      | Found a runed translucent gate.
  6413 | D:6      | Found a runed translucent gate.
  6413 | D:6      | Found an opulent altar of Gozag.
  6417 | D:6      | Noticed Sin92's ghost (novice DsFi)
  6417 | D:6      | Noticed a cyclops
  6954 | D:6      | Reached skill level 5 in Maces & Flails
  7247 | D:7      | Noticed Joseph
  7254 | D:7      | Killed Joseph
  7255 | D:7      | Gained mutation: When hurt, damage is shared between your
                  | health and your magic reserves. [demonic ancestry]
  7255 | D:7      | Reached XP level 9. HP: 64/72 MP: 9/9
  7411 | D:7      | Found a staircase to the Ecumenical Temple.
  7427 | Temple   | Entered the Ecumenical Temple
  7545 | Temple   | Became a worshipper of Warmaster Okawaru
  8116 | D:7      | Noticed Maggie
  8124 | D:7      | Killed Maggie
  8410 | D:8      | Reached * piety under Okawaru
  8416 | D:8      | Noticed Grum
  8423 | D:8      | Killed Grum
  8796 | D:8      | Found a staircase to the Lair.
  8822 | D:8      | Noticed Harold
  8823 | D:8      | Noticed Maurice
  8838 | D:8      | Killed Harold
  8838 | D:8      | Reached ** piety under Okawaru
  8839 | D:8      | Gained mutation: Your touch may inflict minor irresistible
                  | damage on your foes. [demonic ancestry]
  8839 | D:8      | Reached XP level 10. HP: 10/80 MP: 1/10
  9272 | D:8      | Killed Maurice
  9861 | D:9      | Noticed Prince Ribbit
  9868 | D:9      | Killed Prince Ribbit
  9917 | D:9      | Reached *** piety under Okawaru
 10458 | D:9      | Noticed a two-headed ogre
 10458 | D:9      | Noticed Erica
 10461 | D:9      | Killed Erica
 10466 | D:9      | Killed a two-headed ogre
 10532 | D:9      | Found a runed translucent door.
 10532 | D:9      | Found a shimmering altar of Xom.
 10532 | D:9      | Noticed PhantomBowie's ghost (novice DsBe)
 10533 | D:9      | Noticed a +1 broad axe of chaos
 10535 | D:9      | Reached **** piety under Okawaru
 10683 | D:9      | Reached skill level 5 in Dodging
 10840 | D:10     | Entered Level 10 of the Dungeon
 10844 | D:10     | Reached XP level 11. HP: 89/89 MP: 11/11
 11038 | D:10     | Noticed Urug
 11052 | D:10     | Killed Urug
 12233 | D:11     | Noticed Sonja
 12242 | D:11     | Killed Sonja
 12769 | D:11     | Reached ***** piety under Okawaru
 12791 | D:11     | Found a staircase to the Orcish Mines.
 13365 | D:12     | Found a gate leading to a gauntlet.
 13372 | Gauntlet | Entered a Gauntlet
 13372 | Gauntlet | Found a transporter.
 13375 | Gauntlet | Found a transporter.
 13375 | Gauntlet | Noticed a death yak
 13378 | Gauntlet | Found a transporter.
 13378 | Gauntlet | Noticed a sixfirhy
 13381 | Gauntlet | Found a transporter.
 13381 | Gauntlet | Noticed a sixfirhy
 13382 | Gauntlet | Found a transporter.
 13383 | Gauntlet | Found a transporter.
 13383 | Gauntlet | Noticed a sixfirhy
 13385 | Gauntlet | Noticed a hell hog
 13387 | Gauntlet | Noticed a death yak
 13389 | Gauntlet | Noticed a death yak
 13392 | Gauntlet | Found a transporter.
 13392 | Gauntlet | Found a transporter.
 13410 | Gauntlet | Noticed a quicksilver ooze
 13412 | Gauntlet | Found a transporter.
 13429 | Gauntlet | Found a transporter.
 13433 | Gauntlet | Found a transporter.
 13435 | Gauntlet | Noticed a fire giant
 13439 | Gauntlet | Noticed a fenstrider witch
 13439 | Gauntlet | a fire giant changed into a fenstrider witch
 13441 | Gauntlet | Found a transporter.
 13447 | Gauntlet | Noticed an eleionoma
 13447 | Gauntlet | a fenstrider witch changed into an eleionoma
 13450 | Gauntlet | Noticed a stone giant
 13450 | Gauntlet | an eleionoma changed into a stone giant
 13461 | Gauntlet | Noticed an alligator snapping turtle
 13461 | Gauntlet | a stone giant changed into an alligator snapping turtle
 13463 | Gauntlet | Noticed an eleionoma
 13463 | Gauntlet | an alligator snapping turtle changed into an eleionoma
 13465 | Gauntlet | Noticed a fenstrider witch
 13465 | Gauntlet | an eleionoma changed into a fenstrider witch
 13465 | Gauntlet | Noticed a sixfirhy
 13470 | Gauntlet | Noticed a stone giant
 13470 | Gauntlet | a fenstrider witch changed into a stone giant
 13471 | Gauntlet | Noticed a dire elephant
 13471 | Gauntlet | a stone giant changed into a dire elephant
 13472 | Gauntlet | Noticed an iron troll
 13472 | Gauntlet | a dire elephant changed into an iron troll
 13474 | Gauntlet | Noticed a fire giant
 13474 | Gauntlet | an iron troll changed into a fire giant
 13478 | Gauntlet | Noticed an azure jelly
 13478 | Gauntlet | a fire giant changed into an azure jelly
 13488 | Gauntlet | Noticed a death yak
 13488 | Gauntlet | Noticed a death yak
 13489 | Gauntlet | Noticed a death yak
 13597 | Gauntlet | Identified the +0 helmet "Nigg" {rF+ rCorr}
 13615 | Gauntlet | Identified the ring "Poivutzulo" {Fire *Corrode rElec
                  | Str+5}
 13627 | Gauntlet | Killed from afar by a hell hog

Illustrated notes

Levels and vault maps discovered:
D:1:      dpeg_arrival_line_fractal, layout_basic, minmay_pentomino_v4
D:2:      layout_basic, shapermc_ecumenical_altar_mp_urbaneastern
D:3:      layout_loops_ring, uniq_natasha
D:4:      layout_basic, mainiacjoe_overflow_alcove_2, uniq_menkaure,
          uniq_duvessa
D:5:      layout_basic, serial_shops, shop_statue,
          hangedman_abyss_or_decor_stabs, chequers_serial_rivers_large_a
D:6:      minmay_spotlight, layout_basic, ebering_ghost_gozag
D:7:      layout_gridville, minmay_temple_entry_statues_fountains, uniq_joseph,
          uniq_maggie
D:8:      layout_rooms, grunt_lair_entry_orc_guard_hut,
          hangedman_abyss_or_decor_jellyfish_corner, uniq_harold, uniq_grum,
          uniq_maurice
D:9:      cheibrodos_iron_armory, layout_loops_ring, ebering_ghost_xom,
          st_stairs_14, uniq_erica, uniq_prince_ribbit1
D:10:     layout_long_grid, kennysheep_generic_room_16, uniq_urug
D:11:     layout_stronghold, kennysheep_orc_monster_closet_entryway, uniq_sonja
D:12:     layout_stronghold, gauntlet_entry_generic
Temple:   mainiacjoe_temple_hex_bubbles
Gauntlet: minmay_gauntlet_mixed_oops_all_seconds [minmay_gauntlet_arena_77_fan,
          nicolae_gauntlet_swirl, minmay_gauntlet_arena_77_terracotta_army,
          gammafunk_gauntlet_arena_mazey,
          minmay_gauntlet_arena_77_chump_sandwich,
          gammafunk_gauntlet_arena_chambers, gauntlet_exit_hidden_loot]

Skill      XL: |  1  2  3  4  5  6  7  8  9 10 11 |
---------------+----------------------------------+-----
Maces & Flails | 2 3 4 5 7 8 9 |  9.6
Shields        | 3 4 5 6 7 |  7.8
Armour         | 3 4 5 6 7 |  7.8
Fighting       | 4 5 6 7 8 9 |  9.6
Dodging        | 2 3 5 |  5.9

Action                   |  1- 3 |  4- 6 |  7- 9 | 10-12 || total
-------------------------+-------+-------+-------+-------++-------
Melee: Flail             |    78 |   100 |    80 |       ||   258
       Great mace        |       |       |   105 |   155 ||   260
Invok: Heroism           |       |       |       |     2 ||     2
  Use: Scroll            |       |     7 |     8 |     8 ||    23
       Potion            |       |     3 |     2 |     5 ||    10
Armor: Scale mail        |    31 |     5 |       |       ||    36
       Chain mail        |       |    49 |     7 |   162 ||   218
       Swamp dragon scal |       |       |    94 |     6 ||   100
Dodge: Dodged            |    25 |    41 |   104 |   118 ||   288
Block: Buckler           |    11 |    25 |    25 |       ||    61
